 Dungeon Crawl Stone Soup version 0.31-a0-4-gefa6de2278 (webtiles) character file.

Game seed: 12054854074483212069

142 Darkkill the Shooter (level 5, -2/46 HPs)
             Began as a Minotaur Hunter on May 4, 2023.
             Slain by a gnoll
             ... wielding a +0 flail
              (12 damage)
             ... on level 4 of the Dungeon.
             The game lasted 00:03:24 (1822 turns).

Darkkill the Shooter (Minotaur Hunter)              Turns: 1822, Time: 00:03:24

Health: -2/46      AC:  3    Str: 15    XL:     5   Next: 4%
Magic:  4/4        EV: 13    Int:  6    God:
Gold:   122        SH:  0    Dex: 16    Spells: 4/4 levels left

rFire   . . .        a - +0 shortbow
rCold   . . .        (shield currently unavailable)
rNeg    . . .        c - +0 leather armour
rPois   .            (helmet restricted)
rElec   .            l - scarf {harm}
rCorr   .            (no gloves)
SInv    .            (no boots)
Will    .....        (no amulet)
Stlth   ++           (no ring)
HPRegen 0.27/turn    (no ring)
MPRegen 0.09/turn

%: harm (+30% outgoing, +20% incoming)
@: no status effects
A: horns 2, retaliatory headbutt
a: no special abilities


You were on level 4 of the Dungeon.
You visited 1 branch of the dungeon, and saw 4 of its levels.

You collected 122 gold pieces.

Inventory:

Hand Weapons
 a - a +0 shortbow (weapon)
 b - the +4 whip of Luhal {protect, *Rage *Noise Will+ Str+9}
   (You found it on level 4 of the Dungeon)

   Str:       It affects your strength (+9).
   *Noise:    It may make noises in combat.
   *Rage:     It berserks you when you make melee attacks (+20% chance).
   Will:      It increases your willpower.
 q - the +6 dagger of Omnough {flame, Fly Stlth+}
   (You found it on level 3 of the Dungeon)

   Fly:       It grants you flight.
   Stlth:     It makes you more stealthy.
Missiles
 i - 2 poisoned darts
 j - 21 stones
 m - 3 boomerangs
Armour
 c - a +0 leather armour (worn)
 l - a scarf of harm (worn)
Scrolls
 f - a scroll of teleportation
 r - a scroll of immolation
Potions
 d - a potion of haste {unknown}
 e - a potion of heal wounds {unknown}
 g - a potion of lignification {unknown}
 h - 3 potions of brilliance
 k - a potion of cancellation {unknown}
 n - a potion of magic {unknown}
 o - a potion of mutation {unknown}


   Skills:
 + Level 3.8 Fighting
 + Level 5.1 Ranged Weapons
 + Level 3.4 Dodging
 + Level 2.1 Stealth


You had 4 spell levels left.
You didn't know any spells.
Your spell library contained the following spells:

 Spells                   Type           Power      Damage    Failure   Level
 Sandblast                Erth           0%         2d4       52%         1
 Passwall                 Tmut/Erth      0%         N/A       67%         2
 Inner Flame              Hex/Fire       0%         N/A       88%         3
 Stone Arrow              Conj/Erth      0%         3d7       88%         3
 Summon Guardian Golem    Hex/Summ       0%         N/A       88%         3
 Flame Wave               Conj/Fire      0%         2d4       99%         4
 Sticky Flame             Conj/Fire      0%         2d3       99%         4
 Orb of Destruction       Conj           0%         9d5       100%        7
 Spellforged Servitor     Conj/Summ      0%         N/A       100%        7


Dungeon Overview and Level Annotations

Branches:
Dungeon (4/15)
 Temple: D:4-7

Altars:
Xom


Innate Abilities, Weirdness & Mutations

You have a pair of horns on your head.
You reflexively headbutt those who attack you in melee.


Message History

No target in view!
Done exploring.
As you read the scroll of identify {@r1}, it crumbles to dust.
p - 2 potions of curing Adjust to which letter? (? for menu, Esc to quit)
b - the +6 dagger of Omnough {flame, Fly Stlth+}
r - a scroll of immolation
There is a stone staircase leading down here.
You climb downwards.
Found a glimmering whip.
Found a stone staircase leading down.
There is a stone staircase leading up here.
Fire: a) +0 shortbow
Press: ? - help, Q - select action, (/) - cycle Shift-Dir - straight line, f - iguana
Aim: an iguana (asleep, 98% to hit)
You shoot an arrow.
The arrow hits the iguana but does no damage.
Fire: a) +0 shortbow
Press: ? - help, Q - select action, (/) - cycle Shift-Dir - straight line, f/p - iguana
Aim: an iguana (66% to hit)
You shoot an arrow. The arrow hits the iguana.
The iguana is moderately wounded.
Fire: a) +0 shortbow
Press: ? - help, Q - select action, (/) - cycle Shift-Dir - straight line, f/p - iguana
Aim: an iguana (moderately wounded, 66% to hit)
You shoot an arrow. The arrow hits the iguana.
The iguana is severely wounded.
The iguana bites you but does no damage.
Fire: a) +0 shortbow
Press: ? - help, Q - select action, (/) - cycle Shift-Dir - straight line, f/p - iguana
Aim: an iguana (severely wounded, 66% to hit)
You shoot an arrow. The arrow barely misses the iguana.
The iguana misses you. You furiously retaliate!
You headbutt the iguana!
You kill the iguana!
The worm bites you!
Your Ranged Weapons skill increases to level 5!
Your Stealth skill increases to level 2!
Fire: a) +0 shortbow
Press: ? - help, Q - select action, (/) - cycle Shift-Dir - straight line, f - worm
Aim: a worm (80% to hit)
You shoot an arrow. The arrow hits the worm!
The worm is severely wounded.
Fire: a) +0 shortbow
Press: ? - help, Q - select action, (/) - cycle Shift-Dir - straight line, f/p - worm
Aim: a worm (severely wounded, 80% to hit)
You shoot an arrow. The arrow hits the worm.
The worm is almost dead.
The worm closely misses you. You furiously retaliate!
You headbutt the worm.
You kill the worm!
Fire: a) +0 shortbow
Press: ? - help, Q - select action, (/) - cycle Shift-Dir - straight line, f - you Really target yourself?
Okay, then.
q - the +4 whip of Luhal {protect, *Rage *Noise Will+ Str+9} HP restored.
There is a stone staircase leading up here.
A gnoll comes into view. It is wielding a +0 club.
Found a mace.
Adjust to which letter? (? for menu, Esc to quit)
b - the +4 whip of Luhal {protect, *Rage *Noise Will+ Str+9}
q - the +6 dagger of Omnough {flame, Fly Stlth+} You shoot an arrow.
The arrow hits the gnoll!
The gnoll is almost dead.
You hear a shout!
A gnoll comes into view. It is wielding a +0 flail.
A gnoll comes into view. It is wielding a +0 whip.
You shoot an arrow. The gnoll shouts!
The arrow hits the gnoll but does no damage.
The gnoll is almost dead.
You shoot an arrow. The arrow barely misses the gnoll.
You shoot an arrow. The arrow barely misses the gnoll.
You shoot an arrow. The arrow hits the gnoll!
You kill the gnoll!
You shoot an arrow. The arrow closely misses the gnoll.
The gnoll hits you with a +0 flail!
You are too injured to fight recklessly!
You are too injured to fight recklessly!
You shoot an arrow. The arrow closely misses the gnoll.
The gnoll hits you with a +0 flail. The gnoll hits you but does no damage.
You shoot an arrow. The arrow hits the gnoll.
The gnoll is heavily wounded.
The gnoll barely misses you. The gnoll misses you. The gnoll barely misses you.
You furiously retaliate!
You headbutt the gnoll!
You kill the gnoll!
The gnoll hits you with a +0 flail!
You have reached level 5!
You shoot an arrow. The arrow barely misses the gnoll.
The gnoll hits you with a +0 flail.
* * * LOW HITPOINT WARNING * * *
You feel better. The gnoll closely misses you.
You feel better. The gnoll hits you with a +0 flail!
You shoot an arrow.
The arrow hits the gnoll but does no damage.
The gnoll is heavily wounded.
The gnoll hits you with a +0 flail!
* * * LOW HITPOINT WARNING * * *
You shoot an arrow. The arrow hits the gnoll.
The gnoll is almost dead.
The gnoll hits you with a +0 flail!
You die...

......).....##
...............#
...............#
...............#
...............#
...............#
.....>..)g.....#
#.......)@....#
#...........##
#####..######
##...#
####..#<#######
..............#
............#.#
###.###.###.#.##
#. #..# #....#


You could see a gnoll.

Vanquished Creatures
  An iguana (D:4)
  3 gnolls
  3 adders (D:3)
  3 worms
  2 dart slugs
  7 endoplasms
  A giant cockroach (D:2)
  8 goblins
  2 hobgoblins
  3 jackals (D:1)
  3 kobolds
  4 ball pythons
  3 bats
  4 frilled lizards
  3 rats
50 creatures vanquished.

Notes
Turn   | Place    | Note
-------+----------+-------------------------------------------
     0 | D:1      | Darkkill the Minotaur Hunter began the quest for the Orb.
     0 | D:1      | Reached XP level 1. HP: 18/18 MP: 0/0
   215 | D:1      | Reached skill level 1 in Stealth
   237 | D:1      | Reached XP level 2. HP: 21/25 MP: 1/1
   777 | D:2      | Reached XP level 3. HP: 31/31 MP: 2/2
  1267 | D:3      | Reached XP level 4. HP: 37/38 MP: 3/3
  1462 | D:3      | Found a shimmering altar of Xom.
  1532 | D:3      | Identified the +6 dagger of Omnough {flame, Fly Stlth+}
  1763 | D:4      | Reached skill level 5 in Ranged Weapons
  1766 | D:4      | Identified the +4 whip of Luhal {protect, *Rage *Noise
                  | Will+ Str+9}
  1818 | D:4      | Reached XP level 5. HP: 16/46 MP: 4/4
  1822 | D:4      | Slain by a gnoll

Illustrated notes

Levels and vault maps discovered:
D:1:      minmay_arrival_doors, layout_basic
D:2:      layout_rooms
D:3:      layout_rooms, mainiacjoe_overflow_alcove_2, chequers_avenue
D:4:      layout_rooms, amcnicky_altar_gilded, minmay_temple_entry_grid,
          minmay_unequal, uniq_edmund, uniq_sigmund

Skill      XL: |  1  2  3  4 |
---------------+-------------+-----
Stealth        | 1 2 |  2.1
Fighting       | 3 |  3.8
Dodging        | 3 |  3.4
Ranged Weapons | 5 |  5.1

Action                     |  1- 3 |  4- 6 || total
---------------------------+-------+-------++-------
   Fire: Shortbow          |    76 |    53 ||   129
    Use: Scroll            |     5 |     1 ||     6
         Potion            |       |     2 ||     2
 Armour: Leather armour    |     2 |     2 ||     4
  Dodge: Dodged            |    15 |    14 ||    29

Table legend: (Time is in decaauts)
 A = Elapsed time spent in this place.
 B = Non-inter-level travel time spent in this place.
 C = Inter-level travel time spent in this place.
 D = Time resting spent in this place.
 E = Time spent auto-exploring this place.
 F = Levels seen in this place.
 G = Mean time per level.
                   A        B        C        D        E       F      G
               +--------+--------+--------+--------+--------+-----+--------+
         Total |   1860 |   1804 |     56 |      3 |   1519 |   4 |  465.0 |
       Dungeon |   1860 |   1804 |     56 |      3 |   1519 |   4 |  465.0 |
               +--------+--------+--------+--------+--------+-----+--------+

Top non-repeatable levels by time:
     D:1: 751 daAuts
     D:3: 539 daAuts
     D:2: 501 daAuts
     D:4: 68 daAuts

Levels and vault maps discovered:
D:1:      minmay_arrival_doors, layout_basic
D:2:      layout_rooms
D:3:      layout_rooms, mainiacjoe_overflow_alcove_2, chequers_avenue
D:4:      layout_rooms, amcnicky_altar_gilded, minmay_temple_entry_grid,
          minmay_unequal, uniq_edmund, uniq_sigmund

Table legend: (Time is in decaauts)
 A = Elapsed time spent in this place.
 B = Non-inter-level travel time spent in this place.
 C = Inter-level travel time spent in this place.
 D = Time resting spent in this place.
 E = Time spent auto-exploring this place.
 F = Levels seen in this place.
 G = Mean time per level.
                   A        B        C        D        E       F      G
               +--------+--------+--------+--------+--------+-----+--------+
         Total |   1860 |   1804 |     56 |      3 |   1519 |   4 |  465.0 |
       Dungeon |   1860 |   1804 |     56 |      3 |   1519 |   4 |  465.0 |
               +--------+--------+--------+--------+--------+-----+--------+

Top non-repeatable levels by time:
     D:1: 751 daAuts
     D:3: 539 daAuts
     D:2: 501 daAuts
     D:4: 68 daAuts

Table legend:
 A = Kills in this place as a percentage of kills in the entire game.
 B = Kills by you in this place as a percentage of kills by you in the entire game.
 C = Kills by friends in this place as a percentage of kills by friends in the entire game.
 D = Other kills in this place as a percentage of other kills in the entire game.
 E = Experience gained in this place as a percentage of experience gained in the entire game.
 F = Experience gained in this place divided by the number of levels of this place that you have seen.
                   A       B       C       D       E      F
               +-------+-------+-------+-------+-------+----------------------
         Total | 100.0 | 100.0 |   N/A |   N/A | 100.0 |  51.0
       Dungeon | 100.0 | 100.0 |   N/A |   N/A | 100.0 |  51.0
               +-------+-------+-------+-------+-------+----------------------
